 Dungeon Crawl Stone Soup version 0.23-a0-655-g3751e1c (webtiles) character file.

22987 Lanoc the Carver (level 12, -24/168 HPs)
             Began as a Grey Draconian Berserker on Jan 8, 2019.
             Was the Champion of Trog.
             Hit by a large rock thrown by a cyclops (36 damage)
             ... on level 13 of the Dungeon.
             The game lasted 00:28:28 (10609 turns).

Lanoc the Carver (Grey Draconian Berserker)        Turns: 10609, Time: 00:28:28

Health: -24/168    AC: 13    Str: 33    XL:     12   Next: 67%
Magic:  12/12      EV: 17    Int:  7    God:    Trog [******]
Gold:   433        SH:  0    Dex: 11    Spells: 11/11 levels left

rFire    + . .     SeeInvis +   K - +1 scimitar (flame)
rCold    . . .     Gourm    .   (no shield)
rNeg     + . .     Faith    .   (armour unavailable)
rPois    .         Spirit   .   (helmet restricted)
rElec    .         Reflect  .   (no cloak)
rCorr    .         Harm     .   d - +1 pair of gloves {Str+3}
MR       .....                  (no boots)
Stlth    ..........             (no amulet)
HPRegen  0.38/turn              p - ring "Anlal" {rF+ AC-2 SInv} (curse)
MPRegen  0.13/turn              I - ring of positive energy

@: berserking (expiring), lethally poisoned (-24 -> -35), very quick
A: walk through water, unfitting armour, unbreathing, cold-blooded, AC +13
a: Berserk, Trog's Hand, Brothers in Arms, Renounce Religion


You were on level 13 of the Dungeon.
You worshipped Trog.
Trog was exalted by your worship.
You were near starving.

You visited 1 branch of the dungeon, and saw 13 of its levels.
You also visited: Ossuary.

You collected 767 gold pieces.
You spent 334 gold pieces at shops.

Inventory:

Hand Weapons
 z - a +0 long sword
 F - the +11 short sword "Sano" {venom, *Noise +Rage rPois Dex+4}
   (Trog gifted it to you on level 11 of the Dungeon)

   It poisons the flesh of those it strikes.
   It affects your dexterity (+4).
   It protects you from poison.
   It lets you go berserk.
   It may make noises in combat.
 K - a +1 scimitar of flaming (weapon)
Armour
 d - a +1 pair of gloves of strength (worn)
Jewellery
 p - the cursed ring "Anlal" (left hand) {rF+ AC-2 SInv}
   (You found it in an ossuary)

   [ring of protection]

   It affects your AC (-2).
   It protects you from fire.
   It lets you see invisible.
   It has a curse placed upon it.
 w - the amulet "Peosebad" {RegenMP -Tele MP+9 Int+3 Dex+4}
   (You bought it in a shop on level 5 of the Dungeon)

   [amulet of magic regeneration]

   It increases your magic regeneration.
   It affects your intelligence (+3).
   It affects your dexterity (+4).
   It affects your magic capacity (+9).
   It prevents most forms of teleportation.
 B - an uncursed ring of resist corrosion
 D - an uncursed ring of flight
 I - a ring of positive energy (right hand)
Wands
 y - a wand of disintegration (9)
 E - a wand of paralysis (8)
 H - a wand of scattershot (5)
Scrolls
 a - a scroll of fog
 c - 5 scrolls of teleportation
 e - 9 scrolls of remove curse
 l - a scroll of enchant armour
 n - 8 scrolls of identify
 o - 2 scrolls of blinking
 t - a scroll of magic mapping
 A - 2 scrolls of enchant weapon
 C - 3 scrolls of fear {unknown}
 G - a scroll of brand weapon {unknown}
Potions
 f - a potion of lignification
 g - a potion of degeneration {unknown}
 h - 3 potions of might
 i - a potion of resistance
 j - 2 potions of brilliance
 k - 3 potions of curing
 m - 2 potions of flight
 q - a potion of agility
 r - a potion of ambrosia
 s - 2 potions of cancellation
 u - a potion of berserk rage
 v - 2 potions of haste
 x - a potion of heal wounds
 J - a potion of mutation {unknown}
Comestibles
 b - 27 rations
 L - 3 chunks of flesh


   Skills:
 + Level 12.0 Fighting
 * Level 14.8 Long Blades
 + Level 10.3 Dodging


You had 11 spell levels left.
You didn't know any spells.
Your spell library was empty.

Dungeon Overview and Level Annotations

Branches:
Dungeon (13/15)            Temple (0/1) D:5            Lair (0/6) D:11
    Orc (0/2) D:10
 Vaults: D:13-14

Altars:
Ashenzari
Dithmenos
Makhleb
Qazlal
Ru
Sif Muna
Vehumet
Xom
Beogh

Shops:
D:5 *   D:6 =   D:8 [![??   D:10 :   D:12 [


Innate Abilities, Weirdness & Mutations

You can walk through water.
Your dull iron-grey scales are very hard. (AC +13)
You cannot fit into any form of body armour.
You can survive without breathing.
You are cold-blooded and may be slowed by cold attacks.


Message History

You are near starving!
You feel sick. The hornet stings you!
You are more poisoned.
You suddenly lose the ability to move!
You feel sick. The hornet stings you.
You feel yourself slow down. The hornet stings you!
You are more poisoned.
You shrug off the repeated paralysis!
You can move again.
You slice the hornet!! You burn the hornet!
You kill the hornet!
Trog accepts your kill.
You feel sick.
You feel sick.
The cyclops throws a large rock.
The large rock hits you!!!
* * * LOW HITPOINT WARNING * * *
You see here 2 large rocks.
You feel a strong urge to attack something.
You feel yourself speed up.
You feel sick.
The cyclops throws a large rock.
The large rock hits you!!!
You die...

.#[# .... ..... .....
..... ######..####
#############..(........
.........#....##@.......
########....####........
#####.....# #..C.....
.....................
#...########.......^.
##.## ......>...
###(.####.. ######.###
.(........# #.#
.##.####### #.#


You could see a cyclops.

Vanquished Creatures
  Frances (D:12)
  Harold (D:8)
  A hydra (D:10)
  2 centaur warriors (D:13)
  2 two-headed ogres
  An unseen horror (D:13)
  An ugly thing (D:12)
  3 cyclopes
  A manticore (D:13)
  3 kobold demonologists
  An efreet (D:13)
  A komodo dragon (D:12)
  5 trolls
  A hornet (D:13)
  5 hippogriffs
  2 dream sheep (D:10)
  A wyvern (D:13)
  A wraith (D:12)
  12 yaks
  A basilisk (D:11)
  A hungry ghost (D:12)
  An acid dragon (D:13)
  A water moccasin (D:7)
  A soldier ant (D:13)
  Duvessa (D:7)
  8 ice beasts
  5 sky beasts
  6 ogres
  4 orc warriors
  6 phantoms
  4 centaurs
  2 crocodiles
  14 big kobolds
  6 bullfrogs
  Dowan (D:7)
  2 water moccasin zombies
  A water moccasin skeleton (D:10)
  5 wights (D:7)
  16 killer bees
  5 electric eels (D:9)
  6 crimson imps
  4 jellies
  A quasit (D:10)
  5 bullfrog zombies
  9 orc priests
  3 bullfrog skeletons
  6 orc wizards
  3 centaur zombies
  7 hounds
  4 centaur skeletons
  18 mummies (Ossuary)
  4 iguanas
  Natasha (D:2)
  11 worker ants
  A killer bee zombie (Ossuary)
  A hound zombie (D:7)
  A hound skeleton (D:5)
  2 worker ant zombies
  A howler monkey skeleton (D:8)
  8 adders
  3 shadow imps
  2 oozes
  2 adder zombies (Ossuary)
  2 adder skeletons
  A worm (D:4)
  A leopard gecko (D:11)
  55 orcs
  6 giant cockroaches
  4 goblins
  5 hobgoblins
  10 jackals
  3 quokkas
  A ball python skeleton (D:4)
  13 bats
  3 frilled lizards
  31 kobolds
  2 leopard gecko zombies
  2 quokka zombies (Ossuary)
  4 rats
382 creatures vanquished.

Vanquished Creatures (collateral kills)
  A crimson imp (D:7)
  An adder (D:7)
2 creatures vanquished.

Vanquished Creatures (others)
  A withered plant (Ossuary)
1 creature vanquished.

Grand Total: 385 creatures vanquished

Notes
Turn   | Place    | Note
-------+----------+-------------------------------------------
     0 | D:1      | Lanoc the Draconian Berserker began the quest for the Orb.
     0 | D:1      | Reached XP level 1. HP: 19/19 MP: 1/1
   162 | D:1      | Found a shattered altar of Ashenzari.
   240 | D:1      | Reached XP level 2. HP: 26/26 MP: 2/2
   301 | D:2      | Noticed Natasha
   303 | D:2      | Found a faded altar of an unknown god.
   308 | D:2      | Killed Natasha
   308 | D:2      | Reached XP level 3. HP: 30/33 MP: 3/3
   522 | D:3      | Reached ** piety under Trog
   522 | D:3      | Reached skill level 4 in Long Blades
   571 | D:3      | Reached XP level 4. HP: 39/40 MP: 4/4
   717 | D:4      | Noticed a phantom
   748 | D:4      | Killed a phantom
   748 | D:4      | Reached XP level 5. HP: 22/47 MP: 5/5
  1096 | D:4      | Reached skill level 5 in Long Blades
  1349 | D:4      | Reached XP level 6. HP: 53/53 MP: 6/6
  1509 | D:5      | Entered Level 5 of the Dungeon
  1699 | D:5      | Found a staircase to the Ecumenical Temple.
  1730 | D:5      | Found Haawnol's Assorted Antiques.
  1751 | D:5      | Found a sand-covered staircase.
  1758 | Ossuary  | Entered an ossuary
  1866 | Ossuary  | Reached skill level 5 in Fighting
  1898 | Ossuary  | Reached skill level 6 in Long Blades
  1898 | Ossuary  | Your scales start taking on a dull iron-grey colour.
  1898 | Ossuary  | Reached XP level 7. HP: 20/61 MP: 7/7
  1898 | Ossuary  | Gained mutation: You can survive without breathing. [Grey
                  | Draconian growth]
  1921 | Ossuary  | HP: 3/61 [bog mummy/puff of frost (10)]
  2132 | Ossuary  | Reached *** piety under Trog
  2138 | Ossuary  | Reached skill level 7 in Long Blades
  2146 | Ossuary  | Got a crude wooden ring
  2147 | Ossuary  | Identified the cursed ring "Anlal" {rF+ AC-2 SInv} (You
                  | found it in an ossuary)
  2606 | D:5      | Bought a vibrating diamond amulet for 95 gold pieces
  2606 | D:5      | Identified the amulet "Peosebad" {RegenMP -Tele MP+9 Int+3
                  | Dex+4} (You bought it in a shop on level 5 of the Dungeon)
  2763 | D:6      | Reached skill level 5 in Dodging
  2763 | D:6      | Reached XP level 8. HP: 58/70 MP: 8/8
  2804 | D:6      | Reached **** piety under Trog
  3012 | D:6      | Reached skill level 8 in Long Blades
  3390 | D:6      | Found Neykax's Jewellery Emporium.
  3459 | D:6      | Found a burning altar of Makhleb.
  3461 | D:6      | Found a deep blue altar of Sif Muna.
  3464 | D:6      | Found a sacrificial altar of Ru.
  3614 | D:6      | Found a shimmering altar of Xom.
  3823 | D:7      | Reached XP level 9. HP: 79/79 MP: 9/9
  3828 | D:7      | Reached skill level 9 in Long Blades
  4291 | D:7      | Noticed Duvessa
  4291 | D:7      | Noticed Dowan
  4301 | D:7      | Killed Duvessa
  4305 | D:7      | Killed Dowan
  4324 | D:7      | Identified a scroll of acquirement
  4343 | D:7      | Found a shadowy altar of Dithmenos.
  4523 | D:7      | Reached skill level 10 in Long Blades
  4558 | D:7      | Found a stormy altar of Qazlal.
  4577 | D:7      | Reached ***** piety under Trog
  4786 | D:8      | Found Otteixyck's Distillery.
  4789 | D:8      | Found Ygyunwih's Antique Armour Boutique.
  4805 | D:8      | Noticed Harold
  4824 | D:8      | Killed Harold
  4824 | D:8      | Reached XP level 10. HP: 90/90 MP: 10/10
  4829 | D:8      | Found Raikurph's Magic Scroll Boutique.
  4972 | D:8      | Found Tewast's Magic Scroll Emporium.
  4987 | D:8      | Bought a scroll of blinking for 97 gold pieces
  4987 | D:8      | Bought a scroll of magic mapping for 45 gold pieces
  4987 | D:8      | Bought a scroll of enchant weapon for 97 gold pieces
  5272 | D:8      | Found Houlaecwu's Armour Boutique.
  5318 | D:9      | Got an encrusted spear
  5319 | D:9      | Identified the +7 spear of Infinite Pain {holy, *Rage rC-
                  | Str+8 Stlth+} (You found it on level 9 of the Dungeon)
  5470 | D:9      | Reached skill level 11 in Long Blades
  6151 | D:10     | Entered Level 10 of the Dungeon
  6239 | D:10     | Noticed a two-headed ogre
  6249 | D:10     | Killed a two-headed ogre
  6309 | D:10     | Received a gift from Trog
  6446 | D:10     | Found a staircase to the Orcish Mines.
  6462 | D:10     | Found Idiruwet's Book Shoppe.
  6645 | D:10     | Reached skill level 12 in Long Blades
  6845 | D:10     | Reached XP level 11. HP: 52/99 MP: 11/11
  7134 | D:10     | Noticed a two-headed hydra
  7144 | D:10     | Killed a two-headed hydra
  7144 | D:10     | Reached skill level 10 in Fighting
  7150 | D:10     | Got a crude halberd
  7151 | D:10     | Identified the +6 halberd of Ezom Utz {flame, rElec rF+
                  | rN+} (You found it on level 10 of the Dungeon)
  7396 | D:11     | Received a gift from Trog
  7439 | D:11     | Got a dazzling short sword {god gift}
  7440 | D:11     | Identified the +11 short sword "Sano" {venom, *Noise +Rage
                  | rPois Dex+4} (Trog gifted it to you on level 11 of the
                  | Dungeon)
  7931 | D:11     | Found a roughly hewn altar of Beogh.
  7951 | D:11     | Reached skill level 13 in Long Blades
  8664 | D:11     | Found a staircase to the Lair.
  8726 | D:12     | Noticed Frances
  8727 | D:12     | Found a radiant altar of Vehumet.
  8741 | D:12     | Killed Frances
  8819 | D:12     | Reached ****** piety under Trog
  8827 | D:12     | Found Uscheise's Armour Shop.
  8850 | D:12     | Noticed a red ugly thing
  8860 | D:12     | Killed a red ugly thing
  8860 | D:12     | Reached XP level 12. HP: 49/110 MP: 12/12
  9544 | D:12     | Reached skill level 14 in Long Blades
  9626 | D:13     | Noticed a two-headed ogre
  9631 | D:13     | Killed a two-headed ogre
  9645 | D:13     | Noticed a centaur warrior
  9673 | D:13     | Killed a centaur warrior
  9738 | D:13     | Received a gift from Trog
  9783 | D:13     | Reached skill level 10 in Dodging
 10313 | D:13     | Noticed a centaur warrior
 10327 | D:13     | Killed a centaur warrior
 10605 | D:13     | Paralysed by a hornet for 2 turns
 10609 | D:13     | Hit by a large rock thrown by a cyclops

Vault maps used:
D:1:      minmay_arrival_widening_spiral_wide, corexii_item_surrounded_by_moat,
          nicolae_ashenzari_panopticon
D:2:      nicolae_overflow_hidden_temple, chequers_ecumenical_altar_island,
          uniq_sigmund, uniq_natasha
D:5:      lemuel_temple_firewalk_b, first_ration, serial_shops,
          nicolae_shop_waterfront, nicolae_ossuary_entry_ruins, st_stairs_7,
          grunt_ministairs_1
D:6:      tgw_xom, grunt_temple_overflow_open, serial_shops, shop
D:7:      lemuel_crystal_altar, basic_altar, uniq_duvessa
D:8:      serial_shops, nicolae_shop_behind_doors, shop,
          nicolae_shop_temple_entry_statues_fountains, shop_coins, shop,
          uniq_harold
D:9:      wad_lake_hut
D:10:     hiddenorc1_lemuel, serial_shops,
          nicolae_shop_competitors_out_of_business, hangedman_ranch
D:11:     lair_entry_dummy, special_room
D:12:     basic_altar, serial_shops, shop_fountains, uniq_frances
D:13:     erik_vaults_1
Ossuary:  ossuary_zaba_flooded

Skill      XL: |  1  2  3  4  5  6  7  8  9 10 11 12 |
---------------+-------------------------------------+-----
Dodging        | 3 4 5 7 8 9 10 | 10.3
Long Blades    | 4 5 6 7 8 10 12 13 14 | 14.8
Fighting       | 4 5 6 7 8 9 11 12 | 12.0

Action                   |  1- 3 |  4- 6 |  7- 9 | 10-12 || total
-------------------------+-------+-------+-------+-------++-------
Melee: Falchion          |    82 |   130 |   396 |       ||   608
       Tailslap          |     8 |    26 |   102 |   120 ||   256
       Long sword        |       |       |    59 |    74 ||   133
       Spear             |       |       |       |   306 ||   306
       Short sword       |       |       |       |   306 ||   306
       Scimitar          |       |       |       |    50 ||    50
Invok: Berserk           |     1 |     3 |     9 |     8 ||    21
       Trog's Hand       |       |       |     4 |     2 ||     6
  Use: Scroll            |       |     6 |    12 |       ||    18
       Potion            |       |       |     4 |     2 ||     6
 Stab: Distracted        |       |       |     1 |       ||     1
       Sleeping          |       |       |       |     6 ||     6
  Eat: Ration            |       |     1 |     3 |       ||     4
       Chunk             |       |     2 |    10 |    29 ||    41
Armor: Skin              |    36 |    30 |   113 |   178 ||   357
Dodge: Dodged            |    60 |    92 |   322 |   495 ||   969
       Rpst.: Falchion   |    15 |    28 |    88 |       ||   131
       Long sword        |       |       |    18 |     7 ||    25
       Scimitar          |       |       |       |     6 ||     6

Table legend:
 A = Non-vault XP
 B = Vault XP
 C = Vault XP percentage of total XP
 D = Non-vault monster count
 E = Vault monster count
 F = Vault count percentage of total count
                 A         B        C        D         E       F
            +---------+---------+-------+---------+---------+-------
      Total |   25619 |    7220 |  22.0 |     307 |      77 |  20.1
            +---------+---------+-------+---------+---------+-------
        D:1 |      21 |       0 |   0.0 |      15 |       0 |   0.0
        D:2 |       2 |      35 |  94.6 |       1 |       1 |  50.0
        D:3 |      63 |       0 |   0.0 |      17 |       0 |   0.0
        D:4 |     293 |       0 |   0.0 |      13 |       0 |   0.0
        D:5 |     195 |       3 |   1.5 |      14 |       2 |  12.5
        D:6 |    1136 |       5 |   0.4 |      33 |       4 |  10.8
        D:7 |    1708 |     223 |  11.5 |      32 |       2 |   5.9
        D:8 |     727 |     965 |  57.0 |      17 |       1 |   5.6
        D:9 |    1047 |       0 |   0.0 |      16 |       0 |   0.0
       D:10 |    2990 |    2366 |  44.2 |      44 |      25 |  36.2
       D:11 |    4234 |     616 |  12.7 |      52 |      12 |  18.8
       D:12 |    4354 |    2213 |  33.7 |      24 |       1 |   4.0
       D:13 |    8849 |       0 |   0.0 |      29 |       0 |   0.0
    Ossuary |       0 |     794 | 100.0 |       0 |      29 | 100.0
            +---------+---------+-------+---------+---------+-------
